 Dungeon Crawl Stone Soup version 0.19-a0-1886-gd64a0f0 (webtiles) character file.

369 DumbHobo the Cudgeler (level 6, -8/91 HPs)
             Began as a Troll Berserker on Oct 15, 2016.
             Was a Believer of Trog.
             Mangled by dialectric's ghost (10 damage)
             ... on level 5 of the Dungeon.
             The game lasted 00:20:27 (2275 turns).

DumbHobo the Cudgeler (Troll Berserker)             Turns: 2275, Time: 00:20:28

Health: -8/91      AC:  5    Str: 33    XL:     6   Next: 41%
Magic:  5/5        EV: 11    Int:  3    God:    Trog [**....]
Gold:   142        SH:  0    Dex:  9    Spells: 0 memorised, 5 levels left

rFire  . . .     SeeInvis .     v - +0 flail
rCold  . . .     Gourm    +     b - +0 animal skin
rNeg   . . .     Faith    .     (no shield)
rPois  .         Spirit   .     (helmet restricted)
rElec  .         Dismiss  .     (no cloak)
rCorr  .         Reflect  .     (gloves unavailable)
MR     .....     Harm     .     (boots unavailable)
Stlth  ..........               (no amulet)
                                (no ring)
                                (no ring)

@: berserking, lethally poisoned (-8 -> -8), very quick
A: unfitting armour, claws 3, fast metabolism 3, gourmand, regeneration 1,
shaggy fur 1, tough skin 2
a: Berserk, Trog's Hand, Burn Spellbooks, Renounce Religion


You were on level 5 of the Dungeon.
You worshipped Trog.
Trog was pleased with you.
You were near starving.

You visited 1 branch of the dungeon, and saw 5 of its levels.

You collected 142 gold pieces.

Inventory:

Hand Weapons
 a - a +0 mace
 f - a +0 club
 k - a +0 dagger
 n - a +0 dagger
 o - a +0 dagger
 q - a +0 whip
 t - a +0 club
 u - a +0 hunting sling
 v - a +0 flail (weapon)
 x - a +0 scythe
 B - a +0 dagger
 C - a +0 hunting sling
Missiles
 c - 12 stones (quivered)
 l - 18 arrows
Armour
 b - a +0 animal skin (worn)
 m - a +0 leather armour
 w - a +0 scale mail
 y - a +0 robe
 z - a +0 chain mail
 I - a +0 ring mail
Jewellery
 d - an uncursed amulet of faith {unknown}
Scrolls
 e - a scroll of immolation {unknown}
 h - 2 scrolls of enchant armour {unknown}
 i - 2 scrolls of noise {unknown}
 r - a scroll of amnesia {unknown}
 s - 3 scrolls of identify
 A - a scroll of remove curse {unknown}
 J - a scroll of fear {unknown}
Potions
 g - a potion of lignification {unknown}
 j - a potion of heal wounds {unknown}
 p - 2 potions of curing {unknown}
 D - a potion of brilliance {unknown}
 G - a potion of flight {unknown}
 H - a potion of resistance {unknown}
Books
 F - a book of Maledictions

   Spells                             Type                      Level
   a - Corona                         Hexes                        1
   b - Ensorcelled Hibernation        Hexes/Ice                    2
   c - Confuse                        Hexes                        3
   d - Tukima's Dance                 Hexes                        3
   e - Dazzling Spray                 Conjuration/Hexes            3
   Trog disapproves of the use of such an item.
Comestibles
 E - a slice of pizza
 K - 2 chunks of flesh


   Skills:
 + Level 3.6 Fighting
 + Level 4.5 Maces & Flails
 + Level 4.0 Dodging
 + Level 0.3 Stealth


You had 5 spell levels left.
You didn't know any spells.

Dungeon Overview and Level Annotations

Branches:
Dungeon (5/15)
 Temple: D:4-7

Altars:

Shops:
D:5 (

Annotations:
D:5 dialectric's ghost, amateur DsFi


Innate Abilities, Weirdness & Mutations

You are too large for most types of armour.
You have claws for hands.
Your metabolism is lightning-fast.
You like to eat raw meat.
Your natural rate of healing is unusually fast.
You are covered in fur. (AC +1)
You have very tough skin. (AC +2)


Message History

* * * LOW HITPOINT WARNING * * *
You are too berserk!
You completely miss dialectric's ghost.
Dialectric's ghost is moderately damaged.
You feel sick. The adder bites you but does no damage.
Dialectric's ghost barely misses you. The adder bites you but does no damage.
You barely miss dialectric's ghost.
Dialectric's ghost is moderately damaged.
You sock dialectric's ghost!
Dialectric's ghost is heavily damaged.
You feel sick. The adder barely misses you.
Dialectric's ghost barely misses you.
You hit dialectric's ghost.
Dialectric's ghost is severely damaged.
The adder completely misses you. Dialectric's ghost hits you!
* * * LOW HITPOINT WARNING * * *
You hit dialectric's ghost but do no damage.
Dialectric's ghost is severely damaged.
The adder closely misses you. Dialectric's ghost hits you!
You die...

#.........# #.##...
... ######.#### ##
#..# ... #.....#
#... .. #.....# #
.....
..#.....##.######...
.#............ ...
'.....##.######
#######W....# #
.......@....#
.......S....#
....>..........
............###
...?..........
............#..
#######.....#..
#.....#


You could see dialectric's ghost and an adder.

Vanquished Creatures
  Sigmund (D:2)
  A howler monkey (D:4)
  A hound (D:4)
  Terence (D:2)
  3 gnolls (D:2)
  3 adders
  2 worms
  A dart slug (D:1)
  2 leopard geckos
  3 giant cockroaches (D:2)
  8 goblins
  6 hobgoblins
  6 jackals
  10 kobolds
  A ball python (D:2)
  A ball python zombie (D:5)
  5 bats
  4 frilled lizards
  A leopard gecko zombie (D:5)
  A quokka skeleton (D:5)
  6 rats
67 creatures vanquished.

Notes
Turn   | Place    | Note
-------+----------+-------------------------------------------
     0 | D:1      | DumbHobo the Troll Berserker began the quest for the Orb.
     0 | D:1      | Reached XP level 1. HP: 22/22 MP: 0/0
   345 | D:1      | Reached XP level 2. HP: 29/29 MP: 1/1
   810 | D:2      | Reached XP level 3. HP: 36/36 MP: 2/2
   834 | D:2      | Reached ** piety under Trog
  1017 | D:2      | Reached XP level 4. HP: 45/45 MP: 3/3
  1029 | D:2      | Noticed Terence
  1045 | D:2      | Killed Terence
  1361 | D:2      | Noticed Sigmund
  1369 | D:2      | Killed Sigmund
  1369 | D:2      | Reached XP level 5. HP: 53/53 MP: 4/4
  1589 | D:2      | Reached XP level 6. HP: 60/61 MP: 5/5
  1966 | D:5      | Entered Level 5 of the Dungeon
  1966 | D:5      | Found Pufeanie's Antique Weapon Boutique.
  2257 | D:5      | Noticed dialectric's ghost (amateur DsFi)
  2274 | D:5      | HP: 2/91 [dialectric's ghost (9)]
  2275 | D:5      | Mangled by dialectric's ghost

Vault maps used:
D:1:      dpeg_arrival_arbitrary_b
D:2:      uniq_sigmund, uniq_terence, uniq_robin
D:3:      first_bread, minmay_misc_feat_hallway, kennysheep_flooded_box,
          grunt_dithmenos_smoke, uniq_natasha, uniq_iyjb
D:5:      serial_shops, nicolae_shop_temple_entry_statues_fountains,
          roderic_chinese_pattern_swastika, nicolae_ru_awakened_eye

Skill      XL: |  1  2  3  4  5  6 |
---------------+-------------------+-----
Maces & Flails | 3 4 |  4.5
Fighting       | 3 |  3.6
Dodging        | 3 4 |  4.0
Stealth        | |  0.3

Action                   |  1- 3 |  4- 6 || total
-------------------------+-------+-------++-------
Melee: Mace              |   103 |    20 ||   123
       Flail             |       |   112 ||   112
Invok: Berserk           |     2 |     3 ||     5
  Use: Scroll            |     1 |       ||     1
  Eat: Chunk             |     5 |     3 ||     8
       Bread ration      |     2 |       ||     2
       Meat ration       |       |     1 ||     1
Armor: Animal skin       |    68 |    78 ||   146
Dodge: Dodged            |    99 |   149 ||   248
